 Dungeon Sprint DCSS version 0.28.0-43-g3370ac3207 (webtiles) character file.

Game seed: 2641019925265722486

1163 Arandomuser the Martial Artist (level 8, -4/71 HPs)
             Began as a Demonspawn Monk on Mar 15, 2022.
             Was a Believer of Jiyva.
             Slain by a cyan ugly thing (12 damage)
             ... in the Dungeon (Sprint IX: "|||||||||||||||||||||||||||||").
             The game lasted 00:02:20 (508 turns).

Arandomuser the Martial Artist (Demonspawn Monk)     Turns: 508, Time: 00:02:21

Health: -4/71      AC: 14    Str: 15    XL:     8   Next: 17%
Magic:  8/8        EV:  8    Int: 11    God:    Jiyva [**....]
Gold:   0          SH:  0    Dex: 21    Spells: 7/7 levels left

rFire   . . .      SeeInvis .     - Unarmed
rCold   . . .      Faith    .   (no shield)
rNeg    . . .      Spirit   .   l - +0 plate armour {rPois}
rPois   +          Reflect  .   (no helmet)
rElec   .          Harm     .   (no cloak)
rCorr   +          Rampage  .   (gloves unavailable)
Will    .....      NoTele   +   (no boots)
Stlth   ..........              (no amulet)
HPRegen 1.17/turn               m - +3 ring of strength
MPRegen 0.41/turn               n - +3 ring of dexterity

@: hasted, invisible, very quick
A: thin metallic scales 2, demonic guardian 1, demonic touch 3
a: Renounce Religion


You were in the Dungeon.
You worshipped Jiyva.
Jiyva was pleased with you.
You visited 1 branch

Inventory:

Armour
 a - a +0 robe
 j - a +0 pair of boots
 k - a +0 pair of gloves
 l - a +0 plate armour of poison resistance (worn)
Jewellery
 m - a +3 ring of strength (left hand)
 n - a +3 ring of dexterity (right hand)
Wands
 i - a wand of iceblast (10)
Scrolls
 g - 2 scrolls of blinking
 h - 2 scrolls of amnesia
Potions
 e - 4 potions of magic


   Skills:
 + Level 9.4 Fighting
 + Level 3.9 Armour
 + Level 8.6 Dodging
 + Level 4.7 Stealth
 + Level 10.9 Unarmed Combat


You had 7 spell levels left.
You didn't know any spells.
Your spell library was empty.

Dungeon Overview and Level Annotations

Branches:
Dungeon (1/1)

Altars:
Cheibriados
Dithmenos
Elyvilon
Fedhas
Gozag
Hepliaklqana
Kikubaaqudgha
Makhleb
Nemelex Xobeh
Okawaru
Qazlal
Ru
Sif Muna
Trog
Uskayaw
Vehumet
Wu Jian
Xom
Yredelemnul
Zin
The Shining One
Beogh
Jiyva
Lugonu


Innate Abilities, Weirdness & Mutations

You are mostly covered in thin metallic scales. (AC +3)
A weak demonic guardian rushes to your aid.
Your touch may irresistibly damage your foes and sap their willpower.


Message History

Your quasit closely misses the cyan ugly thing. x2
Your quasit barely misses the cyan ugly thing.
You fade into invisibility!
Your quasit bites the cyan ugly thing but does no damage.
Your quasit barely misses the cyan ugly thing.
Your quasit claws the cyan ugly thing but does no damage.
The cyan ugly thing claws your quasit! The cyan ugly thing shocks your quasit!
Your quasit dies!
Your quasit disappears in a puff of smoke!
The cyan ugly thing gurgles horribly!
The cyan ugly thing barely misses you.
You see here a +0 buckler.
You punch the cyan ugly thing! Your punch misses the cyan ugly thing.
The cyan ugly thing is lightly wounded.
You punch the cyan ugly thing!
You punch the cyan ugly thing, but do no damage.
The cyan ugly thing is moderately wounded.
The cyan ugly thing closely misses you.
You hit the cyan ugly thing but do no damage.
You touch the cyan ugly thing!
You sap its willpower!
The cyan ugly thing is moderately wounded.
You barely miss the cyan ugly thing.
You touch the cyan ugly thing.
You sap its willpower!
The cyan ugly thing is heavily wounded.
The cyan ugly thing claws you but does no damage.
You barely miss the cyan ugly thing. You punch the cyan ugly thing.
The cyan ugly thing is heavily wounded.
The black mamba changes into a golden eye!
You punch the cyan ugly thing! Your touch misses the cyan ugly thing.
The cyan ugly thing is severely wounded.
The golden eye stares at you suspiciously for a moment, then relaxes.
The cyan ugly thing claws you! The cyan ugly thing shocks you!
* * * LOW HITPOINT WARNING * * *
You hit the cyan ugly thing but do no damage.
You touch the cyan ugly thing!
You sap its willpower!
The cyan ugly thing is severely wounded.
The cyan ugly thing claws you!
* * * LOW HITPOINT WARNING * * *
A demonic guardian appears!
The cyan ugly thing shocks you!
You die... ▓▓▓▓▓▓▓▓▓▓▓▓▓▓▓▓▓▓▓▓▓▓▓▓▓▓▓ ___'..)....))'.5@uVeCG..... ▓▓▓▓▓▓▓▓▓▓▓▓▓▓▓▓▓▓▓▓▓▓▓▓▓▓▓

You could see a cyan ugly thing (weak-willed, ally target), a cyclops, a deep elf pyromancer, a vampire, a neutral golden eye shaped shifter(fellow slime) and a friendly shadow imp (summoned).

Vanquished Creatures
  An unseen horror (D)
  A tengu conjurer (D)
  A shadow (D)
  2 yaks (D)
  A phantom (D)
  A kobold brigand (D)
  A hound (D)
  An orc wizard (D)
  An iguana (D)
  An adder (D)
  An ufetubus (D)
  A giant cockroach (D)
  A goblin (D)
  A quokka (D)
  2 frilled lizards (D)
17 creatures vanquished.

Vanquished Creatures (others)
  3 great orbs of eyes (D)
  An ettin (D)
  A slime creature (D)
5 creatures vanquished.

Grand Total: 22 creatures vanquished

Notes
Turn   | Place    | Note
-------+----------+-------------------------------------------
     0 | D        | Arandomuser the Demonspawn Monk began the quest for the
                  | Orb.
     0 | D        | Reached XP level 1. HP: 18/18 MP: 1/1
     8 | D        | Reached skill level 3 in Unarmed Combat
    80 | D        | Noticed a phantom
    80 | D        | Noticed an iguana
    80 | D        | Noticed a hound
    89 | D        | Killed a phantom
    90 | D        | Reached skill level 5 in Fighting
    90 | D        | Reached skill level 5 in Unarmed Combat
    90 | D        | Gained mutation: You are partially covered in thin metallic
                  | scales. (AC +2) [demonic ancestry]
    90 | D        | Reached XP level 2. HP: 20/27 MP: 2/2
    90 | D        | Gained mutation: Your touch may inflict minor irresistible
                  | damage on your foes. [demonic ancestry]
    90 | D        | Reached XP level 3. HP: 25/33 MP: 3/3
    90 | D        | Gained mutation: A weak demonic guardian rushes to your
                  | aid. [demonic ancestry]
    90 | D        | Reached XP level 4. HP: 29/39 MP: 4/4
    95 | D        | Reached skill level 5 in Dodging
   104 | D        | Reached skill level 6 in Unarmed Combat
   104 | D        | Gained mutation: You are mostly covered in thin metallic
                  | scales. (AC +3) [demonic ancestry]
   104 | D        | Reached XP level 5. HP: 19/46 MP: 5/5
   294 | D        | Found a snail-covered altar of Cheibriados.
   294 | D        | Found a shadowy altar of Dithmenos.
   294 | D        | Found a blossoming altar of Fedhas.
   294 | D        | Found an opulent altar of Gozag.
   295 | D        | Found a hazy altar of Hepliaklqana.
   296 | D        | Found a viscous altar of Jiyva.
   297 | D        | Found an ancient bone altar of Kikubaaqudgha.
   298 | D        | Found a corrupted altar of Lugonu.
   299 | D        | Found a burning altar of Makhleb.
   300 | D        | Found a sparkling altar of Nemelex Xobeh.
   301 | D        | Found an iron altar of Okawaru.
   302 | D        | Found a stormy altar of Qazlal.
   303 | D        | Found a sacrificial altar of Ru.
   304 | D        | Became a worshipper of Jiyva Jagy the Shapeless
   304 | D        | Reached * piety under Jiyva
   304 | D        | Reached ** piety under Jiyva
   305 | D        | Found a shimmering blue altar of Sif Muna.
   306 | D        | Found a bloodstained altar of Trog.
   306 | D        | Killed a great orb of eyes
   306 | D        | Killed a great orb of eyes
   307 | D        | Found a hide-covered altar of Uskayaw.
   307 | D        | Killed a slime creature
   308 | D        | Found a radiant altar of Vehumet.
   309 | D        | Found an ornate altar of the Wu Jian Council.
   310 | D        | Found a shimmering altar of Xom.
   311 | D        | Found a basalt altar of Yredelemnul.
   311 | D        | Killed a great orb of eyes
   311 | D        | Killed an ettin
   354 | D        | Noticed a shadow
   354 | D        | Noticed a yak
   354 | D        | Noticed a yak
   363 | D        | Killed a shadow
   364 | D        | Reached skill level 7 in Unarmed Combat
   364 | D        | Gained mutation: Your touch may inflict irresistible damage
                  | on your foes. [demonic ancestry]
   364 | D        | Reached XP level 6. HP: 29/55 MP: 6/6
   379 | D        | Killed an unseen horror
   380 | D        | Reached skill level 1 in Armour
   380 | D        | Reached skill level 9 in Unarmed Combat
   380 | D        | Reached XP level 7. HP: 32/63 MP: 7/7
   388 | D        | Killed a yak
   414 | D        | Killed a yak
   415 | D        | Reached skill level 10 in Unarmed Combat
   479 | D        | Noticed a deep elf pyromancer
   479 | D        | Noticed a vampire
   479 | D        | Noticed a cyan ugly thing
   479 | D        | Noticed a tengu conjurer
   479 | D        | Noticed a cyclops
   479 | D        | Noticed a black mamba
   493 | D        | Killed a tengu conjurer
   494 | D        | Gained mutation: Your touch may irresistibly damage your
                  | foes and sap their willpower. [demonic ancestry]
   494 | D        | Reached XP level 8. HP: 19/71 MP: 8/8
   506 | D        | a black mamba changed into a golden eye
   508 | D        | Slain by a cyan ugly thing

Illustrated notes

Levels and vault maps discovered:
D:        linesprint [early_d, line_temple, items_1, d_10, items_2, lair_1,
          lair_end, items_3, orc_1, orc_end, items_4, d_15, swamp_1, shoals_1,
          snake_1, spider_1, d_20, vaults_1, items_5, swamp_end, shoals_end,
          snake_end, spider_end, vaults_end, d_27, items_6, zot_1, zot_end,
          crypt_end, forest_end, elf_end, slime_end, tomb_end, abyss_end,
          pan_hell_end]

Skill      XL: |  1  2  3  4  5  6  7 |
---------------+----------------------+-----
Dodging        | 4 5 7 8 |  8.6
Unarmed Combat | 5 6 7 9 10 | 10.9
Stealth        | 2 3 4 |  4.7
Fighting       | 5 6 7 8 9 |  9.4
Armour         | 1 3 |  3.9

Action                   |  1- 3 |  4- 6 |  7- 9 || total
-------------------------+-------+-------+-------++-------
Melee: Unarmed           |    15 |    32 |    50 ||    97
       Touch             |       |    13 |     8 ||    21
       Punch             |       |     1 |     5 ||     6
  Use: Potion            |     1 |     4 |     6 ||    11
 Stab: Sleeping          |     1 |       |       ||     1
Armor: Plate armour      |       |    11 |    26 ||    37
Dodge: Dodged            |     2 |     5 |    15 ||    22
